[ PARTIDA AOE2 · #457788366 ]
Team RMTurcos vs Mongols
[ ANÁLISIS DE REPETICIÓN · EXTRAÍDO DE LA PARTIDA GRABADA ]
Feudal
—
Castillos
—
Imperial
—
| APM promedio | 24.3 |
| APM pico | 43 |
| eAPM promedio | 7.1 |
| Aldeanos / militares | 16 / 0 |
Foco
⚔️ 8.1% · 🌾 91.9%
Feudal
—
Castillos
—
Imperial
—
| APM promedio | 28.2 |
| APM pico | 42 |
| eAPM promedio | 8.9 |
| Aldeanos / militares | 21 / 0 |
Foco
⚔️ 2.2% · 🌾 97.8%
Feudal
—
Castillos
—
Imperial
—
| APM promedio | 0.6 |
| APM pico | 3 |
| eAPM promedio | 0.6 |
| Aldeanos / militares | 0 / 0 |
Feudal
—
Castillos
—
Imperial
—
| APM promedio | 15.1 |
| APM pico | 26 |
| eAPM promedio | 6.0 |
| Aldeanos / militares | 14 / 0 |
Foco
⚔️ 6.7% · 🌾 93.3%
Mapa de la partida
Recursos iniciales + cada clic de construcción. Líneas = muros · curvas = relieve. ◆ oro · ⬟ piedra · ● bayas · ✦ reliquia · ◌ hueco del cierre
Tu base
Base de JIMMY
Base de one more game
Base de nannerjammer
Terreno inicial suavizado · ◌ = hueco del cierre detectado · pasá el cursor para detalles
Inputs por minuto
— Magee - - JIMMY
Build order — Magee
23 acciones detectadas en el replay
| 0:04 | Construir | House |
| 0:07 | Construir | House |
| 0:08 | Crear | Villager (Male) |
| 0:08 | Crear | Villager (Male) |
| 0:08 | Crear | Villager (Male) |
| 0:08 | Crear | Villager (Male) |
| 2:05 | Crear | Villager (Male) |
| 2:06 | Crear | Villager (Male) |
| 2:37 | Crear | Villager (Male) |
| 2:44 | Construir | Lumber Camp |
| 2:48 | Crear | Villager (Male) |
| 3:41 | Crear | Villager (Male) |
| 3:41 | Crear | Villager (Male) |
| 3:41 | Crear | Villager (Male) |
| 3:50 | Construir | House |
| 3:51 | Construir | House |
| 4:17 | Crear | Villager (Male) |
| 4:40 | Crear | Villager (Male) |
| 5:03 | Construir | House |
| 5:22 | Crear | Villager (Male) |
| 5:36 | Crear | Villager (Male) |
| 5:43 | Construir | Palisade Wall |
| 6:06 | Crear | Villager (Male) |
Build order — JIMMY
28 acciones detectadas en el replay
| 0:11 | Crear | Villager (Male) |
| 0:11 | Crear | Villager (Male) |
| 0:11 | Crear | Villager (Male) |
| 0:12 | Crear | Villager (Male) |
| 0:12 | Crear | Villager (Male) |
| 0:17 | Construir | House |
| 0:38 | Construir | House |
| 1:06 | Construir | House |
| 1:50 | Crear | Villager (Male) |
| 1:50 | Crear | Villager (Male) |
| 2:16 | Crear | Villager (Male) |
| 2:17 | Crear | Villager (Male) |
| 2:52 | Crear | Villager (Male) |
| 2:52 | Crear | Villager (Male) |
| 3:18 | Crear | Villager (Male) |
| 3:18 | Crear | Villager (Male) |
| 3:42 | Crear | Villager (Male) |
| 3:43 | Investigar | Loom |
| 4:15 | Crear | Villager (Male) |
| 4:49 | Crear | Villager (Male) |
| 4:49 | Crear | Villager (Male) |
| 5:20 | Crear | Villager (Male) |
| 5:21 | Crear | Villager (Male) |
| 5:35 | Crear | Villager (Male) |
| 5:45 | Construir | House |
| 5:47 | Construir | House |
| 5:54 | Construir | Palisade Wall |
| 6:01 | Crear | Villager (Male) |
Build order — one more game
0 acciones detectadas en el replay
Build order — nannerjammer
19 acciones detectadas en el replay
| 0:02 | Crear | Villager (Male) ×4 |
| 0:06 | Construir | House |
| 0:09 | Construir | House |
| 1:52 | Crear | Villager (Male) |
| 2:01 | Investigar | Loom |
| 2:03 | Crear | Villager (Male) |
| 2:08 | Construir | House |
| 2:09 | Construir | House |
| 2:18 | Construir | Palisade Wall |
| 2:29 | Crear | Villager (Male) |
| 3:04 | Crear | Villager (Male) |
| 3:19 | Crear | Villager (Male) |
| 4:01 | Crear | Villager (Male) |
| 4:28 | Crear | Villager (Male) |
| 5:04 | Construir | Settlement |
| 5:10 | Crear | Villager (Male) |
| 5:19 | Construir | House |
| 5:22 | Crear | Villager (Male) |
| 6:00 | Crear | Villager (Male) |
Cronología de la partida
| 2:18 | nannerjammer · wall_segment Palisade Wall x10 |
| 5:43 | Magee · wall_segment Palisade Wall x8 |
| 5:54 | JIMMY · wall_segment Palisade Wall x5 |
| 6:03 | one more game · resign |
[ ANÁLISIS IA · 1 CRÉDITO ]
¿Qué pasó realmente en esta partida?
Wolo.gg analiza cada decisión: build order, eco, micro, errores típicos por bracket. Análisis personalizado por WhatsApp o Discord en 30 segundos.
Guía civ
Turcos
Guía mapa
Glade
Perfil
Magee